AoeStats
← Xhour

Black Forest

509363253Analyzed
2v2 RM · 7d ago on Sep 26, 2026· 54m 59s· 4 players
Game mode
Random Map
Map size
Medium (4 player)
Population
200
Speed
Normal
Resources
Standard
Victory
Conquest
Starting age
Dark Age
Ending age
Imperial Age
RankedLock teamsTeams togetherTeam positionsShared explorationLock speedFull tech treeHidden civsTurbo modeCheats
Victory
Defeat
🇫🇷 Franks · France
845
+17
🇫🇷 Spanish · France
812
+18
🇪🇸 Khmer · Spain
905
-19
🇪🇸 Saxons · Spain
831
-16
__yoshimitsu__
0:42 Loom
13:47 Feudal Age
15:33 Wheelbarrow
14:46 Double-Bit Axe
14:54 Gold Mining
14:49 Horse Collar
19:43 Stone Mining
22:26 Castle Age
23:31 Hand Cart
23:55 Stone Shaft Mining
23:35 Bow Saw
23:27 Heavy Plow
26:18 Caravan
35:48 Imperial Age
33:48 Forging
33:44 Scale Barding Armor
35:08 Fortified Wall
34:53 Murder Holes
35:09 Masonry
37:05 Iron Casting
36:50 Chain Barding Armor
37:38 Chemistry
36:58 Ballistics
36:27 Fishing Lines
37:41 Conscription
39:44 Hoardings
38:51 Cavalier
39:32 Husbandry
39:43 Bloodlines
40:37 Blast Furnace
40:13 Plate Barding Armor
40:48 Two-Man Saw
42:08 Paladin
47:47 Bombard Tower
Xhour
0:31 Loom
18:34 Feudal Age
20:10 Wheelbarrow
19:23 Double-Bit Axe
19:34 Town Watch
20:29 Gold Mining
20:31 Stone Mining
21:06 Fishing Lines
27:02 Castle Age
26:32 Scale Barding Armor
26:30 Scale Mail Armor
26:44 Forging
28:02 Hand Cart
28:00 Bow Saw
29:46 Town Patrol
30:41 Gold Shaft Mining
31:44 Murder Holes
31:31 Treadmill Crane
32:26 Squires
34:01 Padded Archer Armor
35:49 Fortified Wall
35:50 Masonry
36:03 Ballistics
36:28 Guard Tower
37:12 Chain Mail Armor
37:41 Caravan
38:03 Chain Barding Armor
38:37 Iron Casting
38:07 Husbandry
38:09 Gillnets
42:01 Imperial Age
39:10 Light Cavalry
39:50 Fletching
40:19 Leather Archer Armor
39:59 Pikeman
40:25 Gambesons
40:26 Arson
40:01 Man-at-Arms
42:06 Cavalier
43:38 Plate Barding Armor
43:36 Chivalry
45:02 Conscription
46:05 Chemistry
47:20 Hoardings
46:47 Paladin
54:02 Blast Furnace
53:34 Plate Mail Armor
sakeone
2:33 Loom
13:33 Feudal Age
14:16 Double-Bit Axe
15:42 Wheelbarrow
15:20 Horse Collar
19:27 Castle Age
21:14 Bow Saw
21:08 Heavy Plow
21:00 Town Watch
21:54 Hand Cart
21:54 Caravan
23:57 Treadmill Crane
24:35 Stone Mining
25:59 Scale Mail Armor
26:10 Forging
28:06 Chain Mail Armor
28:27 Iron Casting
28:21 Squires
34:51 Imperial Age
35:42 Guilds
36:28 Pikeman
40:00 Conscription
39:12 Halberdier
40:42 Plate Mail Armor
41:46 Two-Man Saw
40:51 Clerical Recruitment
42:08 Sanctity
44:57 Shield Wall
45:14 Elite Varangian Guard
53:00 Husbandry
53:12 Bloodlines
52:23 Cavalier
xDakaaH
0:27 Loom
13:51 Feudal Age
16:59 Castle Age
14:49 Horse Collar
14:58 Double-Bit Axe
20:21 Bow Saw
22:27 Heavy Plow
23:47 Wheelbarrow
23:37 Gold Mining
25:31 Hand Cart
28:51 Gold Shaft Mining
28:09 Stone Mining
31:34 Imperial Age
31:02 Stone Shaft Mining
31:36 Caravan
32:12 Husbandry
32:23 Bloodlines
32:17 Fletching
32:28 Padded Archer Armor
32:50 Ballistics
33:07 Crop Rotation
32:45 Elite Ballista Elephant
33:47 Conscription
34:28 Double Crossbow
36:02 Scale Barding Armor
36:08 Forging
35:54 Bodkin Arrow
36:15 Leather Archer Armor
37:02 Chemistry
36:04 Pikeman
37:10 Bracer
37:12 Scale Mail Armor
37:32 Chain Barding Armor
38:10 Tusk Swords
39:53 Siege Engineers
39:29 Elite Battle Elephant
41:03 Halberdier
50:03 Light Cavalry
51:26 Plate Barding Armor
51:26 Iron Casting
51:22 Ring Archer Armor
51:20 Hussar
Connection lost

Rejoining the realm…

Still unreachable

The connection could not be restored.

Session expired

The server has moved on; the page needs a fresh start.